 Dungeon Crawl Stone Soup version 0.24.0-13-gcf9b3192b9 (webtiles) character file.

Game seed: 204368701436137452, levelgen mode: deterministic

24 Esekla the Skirmisher (level 3, -2/20 HPs)
             Began as a Vine Stalker Abyssal Knight on Nov 10, 2019.
             Was a Believer of Lugonu.
             Slain by a hound (3 damage)
             ... on level 2 of the Dungeon.
             The game lasted 00:04:22 (565 turns).

Esekla the Skirmisher (Vine Stalker Abyssal Knight)  Turns: 565, Time: 00:04:23

Health: -2/20      AC:  3    Str: 14    XL:     3   Next: 2%
Magic:  0/5        EV: 11    Int: 12    God:    Lugonu [**....]
Gold:   26         SH:  0    Dex: 14    Spells: 2/2 levels left

rFire    . . .     SeeInvis .   a - +1 falchion
rCold    . . .     Gourm    .   (no shield)
rNeg     . . .     Faith    .   b - +0 leather armour
rPois    .         Spirit   +   (no helmet)
rElec    .         Reflect  .   (no cloak)
rCorr    .         Harm     .   (no gloves)
MR       .....                  (no boots)
Stlth    +.........             (no amulet)
HPRegen  0.06/turn              (no ring)
MPRegen  0.09/turn              (no ring)

@: no status effects
A: fangs 2, magic shield, antimagic bite, no potion heal 3, rot immunity
a: Depart the Abyss, Bend Space, Renounce Religion


You were on level 2 of the Dungeon.
You worshipped Lugonu.
Lugonu was pleased with you.
You were not hungry.

You visited 1 branch of the dungeon, and saw 2 of its levels.
You visited the Abyss 1 time.

You collected 26 gold pieces.

Inventory:

Hand Weapons
 a - a +1 falchion (weapon)
Armour
 b - a +0 leather armour (worn)
Scrolls
 d - a scroll of identify {unknown}
 f - a scroll of amnesia {unknown}
 g - 2 scrolls of magic mapping {unknown}
Potions
 e - a potion of curing
 h - a potion of berserk rage {unknown}
Comestibles
 c - 2 rations


   Skills:
 * Level 3.3 Fighting
 + Level 2.1 Long Blades
 + Level 1.7 Armour
 + Level 0.8 Dodging
 + Level 0.5 Stealth
 + Level 1.7 Invocations


You had 2 spell levels left.
You didn't know any spells.
Your spell library was empty.

Dungeon Overview and Level Annotations

Branches:
Dungeon (1/15)

Altars:
Nemelex Xobeh


Innate Abilities, Weirdness & Mutations

You have extremely sharp teeth.
When hurt, damage is shared between your health and your magic reserves.
Your bite disrupts and absorbs the magic of your enemies.
Potions cannot restore your health.
You are immune to rotting.


Message History

You closely miss the hound.
The hound is moderately wounded.
The hound closely misses you.
You riposte.
You barely miss the hound.
The hound is moderately wounded.
The hound barely misses you.
You barely miss the hound. Your bite misses the hound.
The hound is moderately wounded.
You feel sick. The hound closely misses you. The hound misses you.
You barely miss the hound.
The hound is moderately wounded.
The hound closely misses you.
It was a potion of curing.
Your system rejects the healing.
You feel better. The hound bites you but does no damage. The hound bites you.
* * * LOW HITPOINT WARNING * * *
You barely miss the hound. You bite the hound, but do no damage.
The hound is moderately wounded.
The hound bites you.
* * * LOW HITPOINT WARNING * * *
The hound bites you.
You die...

....# .# ... #.####.# ..
.†.....# .# ......## #. ##
......# # #.####..#
......# #.#..#....##+
......# #...S+...h...
......# ####h#.......
......# #.@.#......<
......######+##...+.......
†..............####.......
...............+ ..#....
...............# #.#....
######.........# .# ...
#.........# #)........#
#.........#


You could see a hound and an adder.

Vanquished Creatures
  A worm (D:2)
  A dart slug (D:2)
  A leopard gecko (D:2)
  2 bats (D:1)
  A giant cockroach (D:2)
  A goblin (D:1)
  2 hobgoblins
  3 jackals (D:1)
  5 kobolds (D:1)
17 creatures vanquished.

Notes
Turn   | Place    | Note
-------+----------+-------------------------------------------
     0 | Abyss:1  | Esekla the Vine Stalker Abyssal Knight began the quest for
                  | the Orb.
     0 | Abyss:1  | Reached XP level 1. HP: 11/11 MP: 3/3
     2 | Abyss:1  | Found a corrupted altar of Lugonu.
    76 | Abyss:1  | Noticed a tentacled starspawn
    84 | Abyss:1  | Noticed a starcursed mass
    94 | Abyss:1  | Noticed a rakshasa
   102 | D:1      | Escaped the Abyss
   342 | D:1      | Found a sparkling altar of Nemelex Xobeh.
   386 | D:1      | Reached XP level 2. HP: 12/16 MP: 4/4
   455 | D:1      | Reached skill level 3 in Fighting
   483 | D:1      | You fall into a shaft and drop 1 floor!
   545 | D:2      | Reached ** piety under Lugonu
   545 | D:2      | Reached XP level 3. HP: 14/20 MP: 3/5
   565 | D:2      | HP: 1/20 [hound (5)]
   565 | D:2      | Slain by a hound

Levels and vault maps discovered:
D:1:      ncdulo_halloftheorcs, layout_basic, minivault_14,
          nemelex_diamond_rough_becter
D:2:      layout_basic, uniq_robin

Skill      XL: |  1  2 |
---------------+-------+-----
Long Blades    | 2 |  2.1
Fighting       | 3 |  3.3
Armour         | |  1.7
Dodging        | |  0.8
Stealth        | |  0.5
Invocations    | |  1.7

Action                   || total
-------------------------++-------
Melee: Falchion          ||    59
       Bite              ||    12
  Use: Potion            ||     1
Armor: Leather armour    ||    14
Dodge: Dodged            ||    42
       Rpst.: Falchion   ||     7
